 Dungeon Crawl Stone Soup version 0.29-a0-334-gb41bcbb86e (webtiles) character file.

Game seed: 12631331648810354786

1729 ObtusePanda the Poker (level 9, -2/78 HPs)
             Began as a Hill Orc Fighter on Apr 16, 2022.
             Was an Initiate of Beogh.
             Slain by a hornet (6 damage)
             ... on level 7 of the Dungeon.
             The game lasted 00:32:43 (7549 turns).

ObtusePanda the Poker (Hill Orc Fighter)            Turns: 7549, Time: 00:32:44

Health: -2/78      AC: 15    Str: 21    XL:     9   Next: 5%
Magic:  3/3        EV:  7    Int:  8    God:    Beogh [......]
Gold:   347        SH:  5    Dex: 12    Spells: 8/8 levels left

rFire   + . .      SeeInvis .   h - +3 spear (antimagic)
rCold   . . .      Faith    .   c - +0 buckler
rNeg    . . .      Spirit   .   f - +3 chain mail {rF+}
rPois   .          Reflect  .   (no helmet)
rElec   .          Harm     .   (no cloak)
rCorr   .          Rampage  .   d - +0 pair of gloves
Will    +....      Rnd*Tele +   v - +0 pair of boots
Stlth   ..........              (no amulet)
HPRegen 0.23/turn               (no ring)
MPRegen 0.08/turn               (no ring)

@: lethally poisoned (-2 -> -14), slowed, unable to read, very slow
A: deterioration 1, strong-willed 1, teleportitis 1, inability to read while
threatened
a: Renounce Religion


You were on level 7 of the Dungeon.
You worshipped Beogh.
Beogh was noncommittal.
You visited 2 branches of the dungeon, and saw 8 of its levels.

You collected 347 gold pieces.

Inventory:

Hand Weapons
 a - a +0 war axe
 e - a +1 falchion of holy wrath
 h - a +3 antimagic spear (weapon)
 i - a +1 dagger of venom
 j - the +4 whip of Kesmufut {antimagic, Int+3}
   (You found it on level 4 of the Dungeon)

   It reduces the magical energy of the wielder, and disrupts the spells and
   magical abilities of those it strikes.
   Natural abilities and divine invocations are not affected.
   Int:       It affects your intelligence (+3).
 m - the +9 dagger "Arcanum" {speed, Str+3}
   (You found it on level 2 of the Dungeon)

   Attacks with this weapon are significantly faster.
   Str:       It affects your strength (+3).
 r - a +0 whip of venom
 s - a +2 hand axe of flaming
 z - the +2 dagger "Uclobenk" {spect, Int+2 Dex+2}
   (You found it on level 5 of the Dungeon)

   When its wielder attacks, the weapon's spirit leaps out and strikes again.
   The spirit shares a part of any damage it takes with its wielder.
   Int:       It affects your intelligence (+2).
   Dex:       It affects your dexterity (+2).
Missiles
 g - 18 poisoned darts (quivered)
 k - a throwing net
Armour
 b - a +2 scale mail
 c - a +0 buckler (worn)
 d - a +0 pair of gloves (worn)
 f - a +3 chain mail of fire resistance (worn)
 n - a +0 chain mail
 v - a +0 pair of boots (worn)
Wands
 p - a wand of polymorph (6)
 u - a wand of digging (4)
Scrolls
 l - a scroll of fear
 A - a scroll of amnesia
Potions
 x - a potion of brilliance


   Skills:
 + Level 6.7 Fighting
 - Level 6.0(8.1) Axes
 * Level 6.9(7.7) Polearms
 + Level 6.1 Armour
 + Level 6.1 Shields


You had 8 spell levels left.
You didn't know any spells.
Your spell library contained the following spells:

 Spells                   Type           Power      Damage    Failure   Level
 Foxfire                  Conj/Fire      0%         2x1d4     99%         1
 Conjure Flame            Conj/Fire      0%         6-21      100%        3
 Inner Flame              Hex/Fire       0%         N/A       100%        3
 Flame Wave               Conj/Fire      0%         2d4       100%        4


Dungeon Overview and Level Annotations

Branches:
Dungeon (7/15)             Temple (1/1) D:4

Altars:
Ashenzari
Cheibriados
Dithmenos
Elyvilon
Fedhas
Gozag
Hepliaklqana
Kikubaaqudgha
Makhleb
Nemelex Xobeh
Okawaru
Qazlal
Ru
Sif Muna
Trog
Uskayaw
Vehumet
Wu Jian
Xom
Yredelemnul
Zin
The Shining One

Shops:
D:1 (


Innate Abilities, Weirdness & Mutations

Your body sometimes deteriorates upon taking damage.
You are strong-willed. (Will+)
You are occasionally teleported next to monsters.
You sometimes lose the ability to read scrolls when taking damage.


Message History

You feel as though you will be slow longer.
You puncture the hornet!
The hornet is severely wounded.
You can read scrolls again.
You feel very sick. The hornet stings you.
You feel threatened and lose the ability to read scrolls!
You feel as though you will be slow longer.
You closely miss the hornet.
The hornet is severely wounded.
You feel very sick. You block the hornet's attack.
The hornet stings you but does no damage.
You closely miss the hornet.
The hornet is severely wounded.
You feel very sick. The hornet stings you.
* * * LOW HITPOINT WARNING * * *
You feel as though you will be slow longer.
The hornet stings you.
* * * LOW HITPOINT WARNING * * *
You feel as though you will be slow longer.
Okay, then.
You closely miss the hornet.
The hornet is severely wounded.
You feel sick. The hornet closely misses you.
Okay, then.
You cannot read scrolls in your current state!
You can read scrolls again.
You feel sick. The hornet barely misses you. The hornet stings you.
You feel threatened and lose the ability to read scrolls!
* * * LOW HITPOINT WARNING * * *
You are lethally poisoned!
You feel as though you will be slow longer.
You hit the hornet.
The hornet is severely wounded.
* * * LOW HITPOINT WARNING * * *
You feel very sick. The hornet stings you.
You die...

##.## ..
.#####...##.#
............#
#..<# ##.##
#.# #.# ##'##
##.@.##
#..y..#
#.......#
#.!.......#
+.........+
#.........#
##.......##
##.....##
##...##


You could see a hornet.

Vanquished Creatures
  3 ice beasts
  An ogre (D:5)
  2 phantoms (D:5)
  2 necrophages
  2 scorpions
  A howler monkey (D:6)
  2 jellies
  A gnoll shaman (D:5)
  An orc priest (D:6)
  5 hounds
  7 orc wizards
  Ijyb (D:5)
  Natasha (thrice) (D:3)
  3 iguanas
  Robin (D:2)
  9 gnolls
  5 adders
  A white imp (D:4)
  An ufetubus (D:4)
  A worm (D:3)
  3 dart slugs (D:1)
  33 orcs
  6 ball pythons
  2 endoplasms (D:3)
  4 giant cockroaches
  14 goblins
  12 hobgoblins
  6 jackals (D:1)
  4 quokkas
  3 bats
  5 frilled lizards
  8 kobolds
  4 rats
156 creatures vanquished.

Vanquished Creatures (others)
  An orc priest (D:6)
  An iguana (D:6)
  An orc wizard (D:6)
  An orc (D:6)
4 creatures vanquished.

Grand Total: 160 creatures vanquished

Notes
Turn   | Place    | Note
-------+----------+-------------------------------------------
     0 | D:1      | ObtusePanda the Hill Orc Fighter began the quest for the
                  | Orb.
     0 | D:1      | Reached XP level 1. HP: 19/19 MP: 1/1
   148 | D:1      | Found a faded altar of an unknown god.
   190 | D:1      | Reached XP level 2. HP: 26/27 MP: 2/2
   430 | D:1      | Found Cap Ania's Weapon Boutique.
   465 | D:1      | Reached XP level 3. HP: 32/33 MP: 3/3
  1311 | D:2      | Reached skill level 1 in Polearms
  1398 | D:2      | Reached XP level 4. HP: 21/40 MP: 1/4
  1967 | D:2      | Identified the +9 dagger "Arcanum" {speed, Str+3}
  1999 | D:2      | Reached XP level 5. HP: 32/47 MP: 1/5
  2600 | D:3      | Noticed Natasha
  2829 | D:3      | Killed Natasha
  2925 | D:3      | Noticed Robin
  2975 | D:3      | HP: 2/43 [goblin/+0 club[Robin] (4)]
  2982 | D:2      | Killed Robin
  2983 | D:2      | Reached XP level 6. HP: 10/50 MP: 2/6
  3325 | D:3      | Noticed Natasha
  3334 | D:3      | Killed Natasha
  3405 | D:3      | Noticed Natasha
  3419 | D:3      | Killed Natasha
  3606 | D:3      | Found a bloodstained altar of Trog.
  3827 | D:3      | Reached skill level 5 in Fighting
  4115 | D:4      | Gained mutation: You sometimes lose the ability to read
                  | scrolls when taking damage. [potion of mutation]
  4115 | D:4      | Gained mutation: You expend magic power (3 MP) to
                  | strengthen your wands. [potion of mutation]
  4115 | D:4      | Gained mutation: You have sharp toenails. [potion of
                  | mutation]
  4126 | D:4      | Reached XP level 7. HP: 33/61 MP: 2/7
  4362 | D:4      | Lost mutation: You expend magic power (3 MP) to strengthen
                  | your wands. [potion of mutation]
  4362 | D:4      | Lost mutation: You have sharp toenails. [potion of
                  | mutation]
  4362 | D:4      | Gained mutation: You are occasionally teleported next to
                  | monsters. [potion of mutation]
  4362 | D:4      | Gained mutation: You are strong-willed. (Will+) [potion of
                  | mutation]
  4362 | D:4      | Gained mutation: Your body sometimes deteriorates upon
                  | taking damage. [potion of mutation]
  4388 | D:4      | Found a hide-covered altar of Uskayaw.
  4493 | D:4      | Found a staircase to the Ecumenical Temple.
  4508 | Temple   | Entered the Ecumenical Temple
  4700 | D:4      | Identified the +4 whip of Kesmufut {antimagic, Int+3}
  4752 | D:4      | Found a sacrificial altar of Ru.
  4766 | D:4      | Found a shimmering altar of Xom.
  5385 | D:5      | Entered Level 5 of the Dungeon
  5437 | D:5      | Reached skill level 5 in Axes
  5881 | D:5      | Noticed Ijyb
  5905 | D:5      | Killed Ijyb
  5925 | D:5      | Reached skill level 5 in Armour
  5925 | D:5      | Reached skill level 5 in Shields
  5955 | D:5      | Reached skill level 5 in Polearms
  5955 | D:5      | Reached XP level 8. HP: 69/69 MP: 2/8
  6778 | D:5      | Identified the +2 dagger "Uclobenk" {spect, Int+2 Dex+2}
  6881 | D:6      | Became a worshipper of Beogh the Brigand
  7398 | D:6      | Reached XP level 9. HP: 72/78 MP: 3/9
  7475 | D:6      | Noticed a troll
  7533 | D:7      | Noticed a hornet
  7540 | D:7      | Paralysed by a hornet for 2 turns
  7549 | D:7      | Slain by a hornet

Illustrated notes

Levels and vault maps discovered:
D:1:      dpeg_arrival_more_subterranean_lakeside_camping, layout_basic,
          serial_shops, nicolae_shop_bloodbath_and_beyond,
          ebering_ecumenical_altar_hall
D:2:      layout_basic
D:3:      layout_basic, marbit_many_paths, minivault_26,
          kennysheep_generic_room_10, uniq_natasha, uniq_robin
D:4:      layout_loops_ring, mainiacjoe_overflow_alcove_1,
          mainiacjoe_overflow_catwalk_spiral, minmay_temple_entry_glassed_door,
          minmay_misc_feat_alley
D:5:      layout_basic, uniq_ijyb
D:6:      layout_rooms
D:7:      layout_loops_corners, serial_shops, nicolae_stop_n_shop_1,
          uniq_joseph, uniq_duvessa
Temple:   mainiacjoe_temple_coin_purse

Skill      XL: |  1  2  3  4  5  6  7  8 |
---------------+-------------------------+-----
Axes           | 3 4 5 6 |  6.0
Fighting       | 4 5 6 |  6.7
Polearms       | 1 2 3 5 6 |  6.9
Armour         | 4 5 6 |  6.1
Shields        | 4 5 6 |  6.1

Action                   |  1- 3 |  4- 6 |  7- 9 || total
-------------------------+-------+-------+-------++-------
Melee: War axe           |    40 |       |       ||    40
       Spear             |    77 |   235 |   395 ||   707
Throw: Dart              |       |       |     4 ||     4
Invok: Convert to Beogh  |       |       |     1 ||     1
  Use: Scroll            |     1 |     3 |     5 ||     9
       Potion            |       |     7 |     8 ||    15
Armor: Scale mail        |    60 |   126 |    46 ||   232
       Chain mail        |       |       |    78 ||    78
       Skin              |       |       |    15 ||    15
Dodge: Dodged            |    62 |   116 |    80 ||   258
Block: Buckler           |    25 |    50 |    56 ||   131

Table legend: (Time is in decaauts)
 A = Elapsed time spent in this place.
 B = Non-inter-level travel time spent in this place.
 C = Inter-level travel time spent in this place.
 D = Time resting spent in this place.
 E = Time spent auto-exploring this place.
 F = Levels seen in this place.
 G = Mean time per level.
                   A        B        C        D        E       F      G
               +--------+--------+--------+--------+--------+-----+--------+
         Total |   7518 |   7431 |     87 |   1522 |   2811 |   8 |  939.8 |
       Dungeon |   7343 |   7271 |     72 |   1522 |   2738 |   7 | 1049.0 |
        Temple |    174 |    159 |     15 |      0 |     73 |   1 |  174.0 |
               +--------+--------+--------+--------+--------+-----+--------+

Top non-repeatable levels by time:
     D:2: 1870 daAuts
     D:5: 1460 daAuts
     D:1: 1199 daAuts
     D:4: 1102 daAuts
     D:3: 1056 daAuts
     D:6: 628 daAuts
  Temple: 174 daAuts
     D:7: 27 daAuts
